 Dungeon Crawl Stone Soup version 0.29.0-13-gc9e81de378 (webtiles) character file.

Game seed: 3716848020478392789

49 Iusername the Conjurer (level 3, -6/26 HPs)
             Began as a Demigod Conjurer on Sept 7, 2022.
             Mangled by an iguana (8 damage)
             ... on level 3 of the Dungeon.
             The game lasted 00:03:27 (2830 turns).

Iusername the Conjurer (Demigod Conjurer)           Turns: 2830, Time: 00:03:28

Health: -6/26      AC:  2    Str: 12    XL:     3   Next: 32%
Magic:  2/9        EV: 12    Int: 20    God:
Gold:   146        SH:  0    Dex: 12    Spells: 5/6 levels left

rFire   . . .      SeeInvis .   (no weapon)
rCold   . . .      Faith    .   (no shield)
rNeg    . . .      Spirit   .   a - +0 robe
rPois   .          Reflect  .   (no helmet)
rElec   .          Harm     .   (no cloak)
rCorr   .          Rampage  .   (no gloves)
Will    .....                   (no boots)
Stlth   ++........              (no amulet)
HPRegen 0.08/turn               (no ring)
MPRegen 0.11/turn               (no ring)

@: mighty, very slightly contaminated
A: high MP 1, forlorn, divine attributes
a: no special abilities


You were on level 3 of the Dungeon.
You visited 1 branch of the dungeon, and saw 3 of its levels.

You collected 146 gold pieces.

Inventory:

Armour
 a - a +0 robe (worn)
Jewellery
 e - a ring of protection from fire
Scrolls
 d - 2 scrolls of identify {unknown}
 f - a scroll of summoning {unknown}
 h - 2 scrolls of torment {unknown}
 j - a scroll of poison {unknown}
 k - a scroll of teleportation {unknown}
Potions
 b - a potion of magic
 c - a potion of might
 g - a potion of attraction {unknown}
 i - 2 potions of curing {unknown}


   Skills:
 + Level 1.9 Dodging
 + Level 1.8 Stealth
 + Level 2.3 Spellcasting
 + Level 4.4 Conjurations


You had 5 spell levels left.
You knew the following spells:

 Your Spells              Type           Power      Damage    Failure   Level
a - Magic Dart            Conj           80%        1d7       2%          1

Your spell library contained the following spells:

 Spells                   Type           Power      Damage    Failure   Level
 Searing Ray              Conj           40%        2d5       3%          2
 Dazzling Flash           Conj/Hex       22%        N/A       19%         3
 Fulminant Prism          Conj/Hex       5%         3d7       52%         4
 Iskenderun's Mystic Bla  Conj/Tloc      11%        2d4       52%         4


Dungeon Overview and Level Annotations

Branches:
Dungeon (3/15)

Shops:
D:1 :


Innate Abilities, Weirdness & Mutations

You have an increased reservoir of magic. (+10% MP)
You shall have no god before yourself.
Your divine heritage dramatically boosts your attributes as you level up.


Message History

Nothing appears to happen.
The magic dart hits the worm.
You kill the worm!
Your magical contamination has completely faded away.
You open the door.
An iguana comes into view.
There is an open door here.
The magic dart hits the iguana.
The iguana is lightly wounded.
The iguana hisses angrily.
The magic dart hits the iguana but does no damage.
The iguana is lightly wounded.
The magic dart hits the iguana.
The iguana is lightly wounded.
The magic dart hits the iguana but does no damage.
The iguana is lightly wounded.
The magic dart hits the iguana.
The iguana is moderately wounded.
You miscast Magic Dart.
You are very lightly contaminated with residual magic.
Nothing appears to happen.
The magic dart hits the iguana.
The iguana is heavily wounded.
The iguana bites you.
The magic dart hits the iguana.
The iguana is heavily wounded.
The iguana misses you.
You hit the iguana but do no damage.
The iguana is heavily wounded.
The iguana bites you!
Ouch! That really hurt!
You barely miss the iguana.
The iguana is heavily wounded.
The iguana misses you. The iguana attacks as you move away!
The iguana bites you!
* * * LOW HITPOINT WARNING * * *
It was a potion of might.
You feel very mighty all of a sudden. The iguana bites you!
You die...

...####...##...#
...............#
...#########...#
##†......>.....#
#.#....#.#....#
##.#.......#...#
.<.........#.#.#
##.######.##.#.#####+####
#.<.. ...#.#..@l......+
.....# #.#.###......#
....... #.# ......#
.....### #.# .......
.....# ..# ....... .....#
### ##.###. .# .#


You could see an iguana.

Vanquished Creatures
  An adder (D:2)
  2 worms
  4 bats
  An endoplasm (D:2)
  4 giant cockroaches
  5 goblins
  2 hobgoblins
  3 quokkas
  2 ball pythons (D:2)
  2 frilled lizards
  3 kobolds
  2 rats
31 creatures vanquished.

Notes
Turn   | Place    | Note
-------+----------+-------------------------------------------
     0 | D:1      | Iusername the Demigod Conjurer began the quest for the Orb.
     0 | D:1      | Reached XP level 1. HP: 14/14 MP: 5/5
    46 | D:1      | Found Waew's Book Emporium.
   480 | D:1      | Reached skill level 4 in Conjurations
   551 | D:1      | Reached XP level 2. HP: 20/20 MP: 4/7
  2209 | D:2      | Reached XP level 3. HP: 26/26 MP: 3/9
  2830 | D:3      | Mangled by an iguana

Illustrated notes

Levels and vault maps discovered:
D:1:      matt_arrival_los_fun, layout_loops_ring, serial_shops, shop,
          minivault_26
D:2:      layout_basic, hellmonk_ecumenical_altar_blasted
D:3:      layout_basic, mainiacjoe_overflow_two_lobes,
          mainiacjoe_overflow_big_doors, kennysheep_potato

Skill      XL: |  1  2 |
---------------+-------+-----
Conjurations   | 4 |  4.4
Spellcasting   | 2 |  2.3
Dodging        | |  1.9
Stealth        | |  1.8

Action                   || total
-------------------------++-------
Melee: Unarmed           ||     9
 Cast: Magic Dart        ||    77
  Use: Potion            ||     2
Dodge: Dodged            ||     7
